 Dungeon Sprint DCSS version 0.24.0-123-gd5b16e6ec5 (webtiles) character file.

Game seed: 2194041489927340286, levelgen mode: deterministic

41562 DavidChitty2 the Slayer (level 13, -4/155 HPs)
             Began as a Minotaur Berserker on Jan 15, 2020.
             Was a High Priest of Trog.
             Killed from afar by a quicksilver dragon (22 damage)
             ... with a bolt of dispelling energy
             ... in the Dungeon (Sprint V: "Ziggurat Sprint").
             The game lasted 00:11:46 (1791 turns).

DavidChitty2 the Slayer (Minotaur Berserker)        Turns: 1791, Time: 00:11:46

Health: -4/155     AC: 32    Str: 30    XL:     13   Next: 80%
Magic:  12/12      EV:  4    Int:  7    God:    Trog [*****.]
Gold:   0          SH: 33    Dex: 15    Spells: 12/12 levels left

rFire    + + .     SeeInvis +   a - +5 broad axe
rCold    + . .     Gourm    .   E - +18 shield of the Gong {rElec rN+ MR+ EV-5}
rNeg     + + .     Faith    .   j - +5 gold dragon scales
rPois    +         Spirit   .   L - +0 hat
rElec    +         Reflect  .   o - +0 cloak
rCorr    .         Harm     .   (no gloves)
MR       +++++     Clarity  +   (no boots) Stlth ..........NoTele +
                                N - amulet of the Four Winds {rN+ MR+++ Clar}
HPRegen  1.35/turn              A - ring "Zeupnil" {rPois rF+ Int+3 SInv}
MPRegen  0.13/turn              b - ring of Zuhal {rElec Str+3 Dex+5 Slay+3 Stlth+}

@: regenerating, studying 2 skills
A: retaliatory headbutt, horns 2
a: Berserk, Trog's Hand, Brothers in Arms, Renounce Religion


You were in the Dungeon.
You worshipped Trog.
Trog was extremely pleased with you.
You were very hungry.

You visited 1 branch

Inventory:

Hand Weapons
 a - a +5 broad axe (weapon)
   (You found it in the Dungeon)
 F - a +3 broad axe of chopping
   (Trog gifted it to you in the Dungeon)
Missiles
 k - 3 throwing nets (quivered) {!f}
Armour
 j - +5 gold dragon scales (worn)
   (You found it in the Dungeon)
 o - a +0 cloak (worn)
   (You found it in the Dungeon)
 E - the +18 shield of the Gong (worn) {rElec rN+ MR+ EV-5}
   (You found it in the Dungeon)

   It affects your evasion (-5).
   It insulates you from electricity.
   It protects you from negative energy.
   It affects your resistance to hostile enchantments.
 L - a +0 hat (worn)
   (You took it off Gastronok in the Dungeon)
Jewellery
 b - the ring of Zuhal (right hand) {rElec Str+3 Dex+5 Slay+3 Stlth+}
   (You found it in the Dungeon)

   [ring of slaying]

   It affects your strength (+3).
   It affects your dexterity (+5).
   It affects your accuracy and damage with ranged weapons and melee attacks
   (+3).
   It insulates you from electricity.
   It makes you more stealthy.
 A - the ring "Zeupnil" (left hand) {rPois rF+ Int+3 SInv}
   (You found it in the Dungeon)

   [ring of intelligence]

   It affects your intelligence (+3).
   It protects you from fire.
   It protects you from poison.
   It lets you see invisible.
 B - the ring "Jupimnyhush" {rPois rN++}
   (You found it in the Dungeon)

   [ring of poison resistance]

   It protects you from poison.
   It greatly protects you from negative energy.
 H - the ring "Toulific" {rN+ MR+ Dex+4}
   (You found it in the Dungeon)

   [ring of dexterity]

   It affects your dexterity (+4).
   It protects you from negative energy.
   It affects your resistance to hostile enchantments.
 K - the ring "Baoq" {rPois Dex+2 Stlth-}
   (You took it off Nergalle in the Dungeon)

   [ring of attention]

   It affects your dexterity (+2).
   It protects you from poison.
   It makes you less stealthy.
 N - the amulet of the Four Winds (around neck) {rN+ MR+++ Clar}
   (You found it in the Dungeon)

   [amulet of nothing]

   It protects you from negative energy.
   It affects your resistance to hostile enchantments.
   It protects you against confusion.
Wands
 c - a wand of disintegration (7)
   (You found it in the Dungeon)
 d - a wand of iceblast (7)
   (You found it in the Dungeon)
 v - a wand of digging (5)
   (You took it off Grum in the Dungeon)
 x - a wand of acid (7)
   (You found it in the Dungeon)
Scrolls
 l - 7 scrolls of fog
 m - 4 scrolls of identify {@r1}
 n - 5 scrolls of remove curse {@r2}
 G - 4 scrolls of blinking
 I - 2 scrolls of brand weapon
 J - 2 scrolls of fear
Potions
 f - 10 potions of haste {@q3}
 g - 7 potions of magic
 h - 3 potions of berserk rage
 p - 3 potions of brilliance
 q - 3 potions of invisibility
 r - 4 potions of resistance
 t - 5 potions of agility
 u - 5 potions of might
 w - 9 potions of curing {@q1}
 z - 2 potions of mutation {unknown}
 D - 12 potions of heal wounds {@q2}
Books
 C - a manual of Shields {!d}
   (You found it in the Dungeon)
 M - a manual of Fighting {!d}
   (You found it in the Dungeon)
Miscellaneous
 y - 2 phantom mirrors
Comestibles
 e - 7 rations {!d}
 i - 19 chunks of flesh


   Skills:
 + Level 25.6 Fighting
 - Level 18.0 Axes
 + Level 24.5 Armour
 - Level 2.1 Dodging
 - Level 15.0 Shields


You had 12 spell levels left.
You didn't know any spells.
Your spell library was empty.

Dungeon Overview and Level Annotations

Branches:
Dungeon (1/1)

Altars:
Ashenzari
Cheibriados
Dithmenos
Elyvilon
Fedhas
Gozag
Hepliaklqana
Kikubaaqudgha
Makhleb
Nemelex Xobeh
Okawaru
Qazlal
Ru
Sif Muna
Trog
Uskayaw
Vehumet
Wu Jian
Xom
Yredelemnul
Zin
The Shining One
Beogh
Jiyva
Lugonu

Annotations:
D Sonja


Innate Abilities, Weirdness & Mutations

You reflexively headbutt those who attack you in melee.
You have a pair of horns on your head.


Message History

* * * LOW HITPOINT WARNING * * *
You block the iron golem's attack.
GONNNNG!
The crystal guardian hits you.
* * * LOW HITPOINT WARNING * * *
You slash the iron golem!
You headbutt the iron golem, but do no damage.
You slash the iron dragon!
You kill the iron dragon!
Trog accepts your kill.
Your Fighting skill increases to level 25!
You closely miss the quicksilver dragon.
You slice the iron golem!! You hit the crystal guardian.
You block the quicksilver dragon's attack.
GONNNNG!
You block the quicksilver dragon's attack.
GONNNNG!
You block the iron golem's attack.
GONNNNG!
Something hits your iron troll!!
You hit the iron golem.
You destroy the iron golem!
Trog accepts your kill.
You closely miss the quicksilver dragon.
You slice the iron golem!!
You hit the crystal guardian but do no damage.
You block the quicksilver dragon's attack.
BONNNG!
You block the quicksilver dragon's attack.
GONNNNG!
The crystal guardian hits you but does no damage.
You hit the iron golem. You headbutt the iron golem.
You hit the crystal guardian but do no damage.
You slash the iron golem! You slice the quicksilver dragon!!
You slice the earth elemental!!
You block the quicksilver dragon's attack.
PTOANNNG!
You block the quicksilver dragon's attack.
PANG!
The iron golem hits you but does no damage.
The crystal guardian hits you but does no damage.
You slice the iron golem!! You headbutt the iron golem.
You slash the crystal guardian!
You destroy the crystal guardian!
Trog accepts your kill.
You slice the iron golem!! You slash the quicksilver dragon!
You hit the earth elemental but do no damage.
The quicksilver dragon breathes dispelling energy at you.
The bolt of dispelling energy hits you!!
You die...

▓...........
.:)!||?[|)..▓.....).....
............▓...........
.............▓...).......
.............▓..▓..)).▓..
▓.............▓.▓.▓.)!▓.▓.
▓........8....▓..▓...(.▓..
..▓....E8(▓8.▓.....©.....
▓ ▓.▓..ED@▓.▓.▓▓▓▓▓▓▓▓▓▓▓▓
▓..▓....8T.▓..▓....8©8....
▓..........(..▓..[)}[|....
▓......©......▓...)|)[|...
▓▓▓▓▓▓▓▓▓▓▓▓▓▓▓...........
▓........... ▓....)......
▓....))..... ▓..▓..)..▓..


You could see 3 iron golems, a quicksilver dragon, 2 earth elementals and a
friendly iron troll (berserk).

Vanquished Creatures
  A bone dragon (D)
  A deep elf master archer (D)
  Gastronok (D)
  A tentacled starspawn (D)
  Roxanne (D)
  An iron dragon (D)
  An azure jelly (D)
  A stone giant (D)
  2 deep elf annihilators (D)
  Snorg (D)
  A crystal guardian (D)
  2 death oozes (D)
  2 fire dragons (D)
  2 deep elf high priests (D)
  Erolcha (D)
  Erica (D)
  An ice dragon (D)
  2 dancing weapons (D)
  A deep elf knight (D)
  Nergalle (D)
  An iron golem (D)
  2 death drakes (D)
  2 deep elf archers (D)
  3 deep elf magi (D)
  2 orb spiders (D)
  2 ugly things (D)
  A rime drake (D)
  3 merfolk (D)
  A jumping spider (D)
  A polar bear (shapeshifter) (D)
  4 hornets (D)
  5 slime creatures (D)
  5 hippogriffs (D)
  A tarantella (D)
  2 redbacks (D)
  A wyvern (D)
  A fire elemental (D)
  A basilisk (shapeshifter) (D)
  2 golden eyes (D)
  Edmund (D)
  An acid dragon (D)
  4 hell hounds (D)
  A porcupine (D)
  A floating eye (D)
  A phantom (D)
  2 eyes of draining (D)
  A centaur (D)
  A small abomination (D)
  Dowan (D)
  3 crimson imps (D)
  2 quasits (D)
  3 orc priests (D)
  An iron imp (D)
  4 jellies (D)
  2 orc wizards (D)
  Jessica (D)
  2 iguanas (D)
  A white imp (D)
  6 oozes (D)
  3 orcs (D)
  A bat zombie (D)
  A jackal (D)
  A ball python skeleton (D)
  A starspawn tentacle (D)
111 creatures vanquished.

Vanquished Creatures (collateral kills)
  Rupert (D)
  A quicksilver dragon (D)
  A stone giant (D)
  A fire dragon (D)
  Josephine (D)
  A hydra (D)
  3 ice dragons (D)
  3 iron golems (D)
  A death drake (D)
  2 gargoyles (D)
  Grinder (D)
  Eustachio (D)
  Grum (D)
  A swamp drake (D)
  Purgy (D)
20 creatures vanquished.

Vanquished Creatures (others)
  Louise (D)
  Harold (D)
  Pikel (D)
  Menkaure (D)
  Blork the orc (D)
  Crazy Yiuf (D)
  Ijyb (D)
  Terence (D)
  3 starspawn tentacles (D)
11 creatures vanquished.

Grand Total: 142 creatures vanquished

Notes
Turn   | Place    | Note
-------+----------+-------------------------------------------
     0 | D        | DavidChitty2 the Minotaur Berserker began the quest for the
                  | Orb.
     0 | D        | Reached XP level 1. HP: 19/19 MP: 0/0
    13 | D        | Found a blossoming altar of Fedhas.
    14 | D        | Found the +6 Majin-Bo {vamp, Archmagi MP+6 Int+6}
    14 | D        | Found the +7 great mace "Firestarter" {inner flame, rF++}
    14 | D        | Found a viscous altar of Jiyva.
    14 | D        | Found a hazy altar of Hepliaklqana.
    14 | D        | Found a transporter.
    14 | D        | Found an opulent altar of Gozag.
    14 | D        | Found an ancient bone altar of Kikubaaqudgha.
    14 | D        | Found a corrupted altar of Lugonu.
    19 | D        | Found a burning altar of Makhleb.
    20 | D        | Found a sacrificial altar of Ru.
    20 | D        | Found a stormy altar of Qazlal.
    20 | D        | Found a shimmering blue altar of Sif Muna.
    20 | D        | Found an iron altar of Okawaru.
    20 | D        | Found a bloodstained altar of Trog.
    20 | D        | Found a sparkling altar of Nemelex Xobeh.
    30 | D        | Reached XP level 2. HP: 26/26 MP: 1/1
    44 | D        | Found the +9 heavy crossbow "Sniper" {velocity, Acc+∞ SInv}
    44 | D        | Found the +10 dark maul {crush}
    44 | D        | Found the +15 Maxwell's patent armour {-Cast -Tele rElec
                  | MR+ rCorr}
    44 | D        | Found the +18 shield of the Gong {rElec rN+ MR+ EV-5}
    44 | D        | Found the cursed +14 obsidian axe {chop, +Fly SInv *Curse}
    46 | D        | Found the +6 shillelagh "Devastator" {shatter}
    46 | D        | Found the +11 plutonium sword {*Contam Stlth-}
    46 | D        | Found the +8 lance "Wyrmbane" {slay drac, rPois rF+ rC+
                  | AC+3}
    46 | D        | Found the +9 sword of Zonguldrok {reap}
    46 | D        | Found the cursed +13 scythe of Curses {drain, *Curse}
    46 | D        | Found the +0 sword of Power
    46 | D        | Found the +7 mace of Variability {chain chaos}
    46 | D        | Found the +7 Singing Sword {slice, sonic wave}
    46 | D        | Found the +8 storm bow {elec, penet}
    90 | D        | Entered arena 2.
    90 | D        | Noticed a phantom
    90 | D        | Found a transporter.
    93 | D        | Killed a phantom
    93 | D        | Reached skill level 5 in Fighting
    93 | D        | Reached skill level 10 in Axes
    93 | D        | Reached XP level 3. HP: 36/36 MP: 2/2
    93 | D        | Reached XP level 4. HP: 42/42 MP: 3/3
   101 | D        | Entered arena 3.
   101 | D        | Found a transporter.
   104 | D        | Reached ** piety under Trog
   108 | D        | Reached skill level 5 in Armour
   108 | D        | Reached XP level 5. HP: 50/50 MP: 4/4
   112 | D        | Got the ring of Zuhal {rElec Str+3 Dex+5 Slay+3 Stlth+}
   116 | D        | Entered arena 4.
   116 | D        | Noticed a brown ugly thing
   116 | D        | Noticed a white ugly thing
   116 | D        | Noticed a basilisk
   116 | D        | Noticed a soldier ant
   116 | D        | Noticed a polar bear
   116 | D        | a soldier ant changed into a polar bear
   116 | D        | Found a transporter.
   121 | D        | Killed a brown ugly thing
   121 | D        | Reached *** piety under Trog
   121 | D        | Reached skill level 8 in Fighting
   121 | D        | Reached XP level 6. HP: 61/61 MP: 5/5
   121 | D        | Reached XP level 7. HP: 68/68 MP: 6/6
   124 | D        | Killed a white ugly thing
   124 | D        | Reached skill level 9 in Fighting
   125 | D        | Killed a basilisk
   125 | D        | Reached XP level 8. HP: 78/78 MP: 7/7
   126 | D        | Killed a polar bear
   126 | D        | Reached skill level 15 in Axes
   345 | D        | Entered arena 5.
   345 | D        | Found a transporter.
   347 | D        | Reached **** piety under Trog
   348 | D        | Reached skill level 10 in Fighting
   358 | D        | Got the +3 ring mail of Jetzitt {-Tele Str+4}
   361 | D        | Entered arena 6.
   361 | D        | Found a transporter.
   363 | D        | Reached ***** piety under Trog
   379 | D        | Got the ring "Jupimnyhush" {rPois rN++}
   383 | D        | Entered arena 7.
   384 | D        | Found a transporter.
   388 | D        | Paralysed by a floating eye for 4 turns
   393 | D        | Reached skill level 10 in Armour
   395 | D        | Reached skill level 10 in Shields
   397 | D        | Reached XP level 9. HP: 86/86 MP: 0/8
   460 | D        | Killed Blork the orc
   472 | D        | Got the +6 shortbow "Umiemis" {velocity, rF+}
   479 | D        | Entered arena 8.
   482 | D        | Found a transporter.
   486 | D        | Reached ****** piety under Trog
   486 | D        | Reached skill level 11 in Fighting
   486 | D        | Received a gift from Trog
   489 | D        | Got a scorched hand axe {god gift}
   495 | D        | Killed Menkaure
   498 | D        | Entered arena 9.
   498 | D        | Noticed a tentacled starspawn
   498 | D        | Noticed a bone dragon
   499 | D        | Found a transporter.
   508 | D        | Killed a tentacled starspawn
   508 | D        | Reached skill level 12 in Fighting
   508 | D        | Reached XP level 10. HP: 82/99 MP: 9/9
   511 | D        | Received a gift from Trog
   527 | D        | Killed Harold
   530 | D        | Killed a bone dragon
   530 | D        | Reached skill level 14 in Fighting
   541 | D        | Got the cursed +1 spear of Zaff {pain, rF+ rC+ Str+4}
   549 | D        | Killed Terence
   607 | D        | Entered arena 10.
   613 | D        | Found a transporter.
   616 | D        | Received a gift from Trog
   624 | D        | Got the +9 rapier of Fundamental Breach {freeze, Fragile
                  | +Fly MP+9}
   632 | D        | Entered arena 11.
   633 | D        | Found a transporter.
   641 | D        | Reached XP level 11. HP: 111/111 MP: 10/10
   646 | D        | Received a gift from Trog
   649 | D        | Reached skill level 15 in Fighting
   652 | D        | Reached skill level 15 in Armour
   765 | D        | Killed Ijyb
   788 | D        | Entered arena 12.
   788 | D        | Noticed an orb spider
   788 | D        | Noticed an orb spider
   794 | D        | Reached skill level 15 in Shields
   796 | D        | Received a gift from Trog
   802 | D        | Found a transporter.
   804 | D        | Reached skill level 16 in Fighting
   812 | D        | Killed an orb spider
   820 | D        | Killed an orb spider
   820 | D        | Received a gift from Trog
   826 | D        | Got the ring "Zeupnil" {rPois rF+ Int+3 SInv}
   832 | D        | Got the +1 ring mail of Ypnesyer {*Corrode +Blink +Fly
                  | Regen+}
   840 | D        | Killed Louise
   952 | D        | Entered arena 13.
   952 | D        | Noticed an azure jelly
   953 | D        | Noticed a death ooze
   953 | D        | Noticed a death ooze
   954 | D        | Found a transporter.
   961 | D        | Killed an azure jelly
   961 | D        | Reached skill level 17 in Fighting
   963 | D        | Killed a death ooze
   964 | D        | Received a gift from Trog
   967 | D        | Killed a death ooze
   967 | D        | Reached skill level 18 in Fighting
   975 | D        | Got the +1 short sword "Heubodul" {pierce, *Drain rPois rF+
                  | rN+}
   990 | D        | Entered arena 14.
   991 | D        | Noticed Purgy
   991 | D        | Noticed Rupert
   992 | D        | Found the +3 Elemental Staff {rElec rF++ rC++ MR++ AC+5}
   992 | D        | Identified the +3 ring mail of Curiosity {rElec Regen+
                  | Int+4}
   992 | D        | Noticed Grum
   992 | D        | Noticed Dowan
   992 | D        | Noticed Eustachio
   994 | D        | Found a transporter.
   996 | D        | Killed Purgy
   998 | D        | Killed Grum
   998 | D        | Received a gift from Trog
   999 | D        | Killed Rupert
   999 | D        | Reached XP level 12. HP: 128/128 MP: 11/11
   999 | D        | Killed Eustachio
  1000 | D        | Killed Dowan
  1118 | D        | Got the +2 robe "Eclae" {Str+2 Int+2 SInv}
  1125 | D        | Got the ring "Ruohuuju" {rElec rF+ rC- Int-3 Dex+9}
  1127 | D        | Got the ring "Toulific" {rN+ MR+ Dex+4}
  1131 | D        | Entered arena 15.
  1132 | D        | Noticed Erica
  1132 | D        | Noticed Crazy Yiuf
  1132 | D        | Noticed Jessica
  1132 | D        | Noticed Sonja
  1132 | D        | Noticed Grinder
  1132 | D        | Noticed Edmund
  1132 | D        | Noticed Snorg
  1132 | D        | Noticed Erolcha
  1132 | D        | Noticed Josephine
  1133 | D        | Identified the cursed +1 great mace of Overwhelming Force
                  | {crush, Int-5 Dex+6 Stlth+}
  1133 | D        | Identified the ring "Baoq" {rPois Dex+2 Stlth-}
  1133 | D        | Noticed Nergalle
  1133 | D        | Noticed Gastronok
  1134 | D        | Killed Crazy Yiuf
  1136 | D        | Identified Roxanne's Compendium of Moulding
  1136 | D        | Noticed Roxanne
  1138 | D        | Killed Josephine
  1138 | D        | Killed Grinder
  1141 | D        | Killed Erica
  1141 | D        | Received a gift from Trog
  1141 | D        | Reached skill level 19 in Fighting
  1143 | D        | Killed Jessica
  1145 | D        | Killed Snorg
  1145 | D        | Killed Nergalle
  1145 | D        | Received a gift from Trog
  1146 | D        | Killed Erolcha
  1146 | D        | Killed Edmund
  1155 | D        | Killed Gastronok
  1155 | D        | Reached skill level 20 in Fighting
  1252 | D        | Found a transporter.
  1265 | D        | Killed Roxanne
  1265 | D        | Received a gift from Trog
  1330 | D        | Entered arena 16.
  1331 | D        | Noticed a deep elf high priest
  1331 | D        | Noticed a deep elf high priest
  1331 | D        | Noticed a deep elf master archer
  1332 | D        | Identified the +6 dagger "Haolia" {drain, *Contam Str+2
                  | Dex+8}
  1332 | D        | Noticed a deep elf annihilator
  1332 | D        | Noticed a deep elf annihilator
  1333 | D        | Found a transporter.
  1339 | D        | Killed a deep elf high priest
  1343 | D        | Killed a deep elf master archer
  1343 | D        | Reached skill level 21 in Fighting
  1345 | D        | Received a gift from Trog
  1351 | D        | Killed a deep elf annihilator
  1351 | D        | Killed a deep elf high priest
  1351 | D        | Reached XP level 13. HP: 62/145 MP: 12/12
  1353 | D        | Received a gift from Trog
  1353 | D        | Reached skill level 22 in Fighting
  1359 | D        | Killed a deep elf annihilator
  1490 | D        | Got the +7 war axe "Jucehamp" {holy, Str+3}
  1499 | D        | Got a transparent hand axe {god gift}
  1518 | D        | Entered arena 17.
  1521 | D        | Noticed a fire dragon
  1521 | D        | Noticed a fire dragon
  1522 | D        | Noticed a fire dragon
  1533 | D        | Received a gift from Trog
  1542 | D        | Received a gift from Trog
  1542 | D        | Reached skill level 23 in Fighting
  1549 | D        | Killed a fire dragon
  1553 | D        | Killed a fire dragon
  1559 | D        | Killed a fire dragon
  1664 | D        | Killed Pikel
  1715 | D        | Found the amulet of the Four Winds {rN+ MR+++ Clar}
  1715 | D        | Found a transporter.
  1721 | D        | Got the +2 halberd of Moderation {venom, +Blink MP+9 Str-3
                  | Int+7}
  1725 | D        | Got the +6 halberd of Orawn {vamp, +Inv Int+5}
  1730 | D        | Got the +5 scale mail "Myezat" {Str+6}
  1733 | D        | Got the ring "Mepnaoch" {Ice +Fly SInv Stlth+}
  1739 | D        | Got the +2 scale mail of Autumn {rF- MP+9 Str+9 Dex-5}
  1742 | D        | Got the +0 leather armour of Polytheism {rElec MR+}
  1756 | D        | Entered arena 18.
  1759 | D        | Noticed a quicksilver dragon
  1759 | D        | Noticed a stone giant
  1759 | D        | Noticed an iron dragon
  1759 | D        | Noticed a stone giant
  1763 | D        | Noticed a crystal guardian
  1769 | D        | Killed a quicksilver dragon
  1772 | D        | Noticed a quicksilver dragon
  1773 | D        | Killed a stone giant
  1773 | D        | Reached skill level 24 in Fighting
  1782 | D        | Killed a stone giant
  1782 | D        | Received a gift from Trog
  1788 | D        | Killed an iron dragon
  1788 | D        | Reached skill level 25 in Fighting
  1791 | D        | Killed a crystal guardian
  1791 | D        | Killed from afar by a quicksilver dragon

Levels and vault maps discovered:
D:        sprint_v [room_start, room_1, room_2, room_3, room_4, room_5, room_6,
          room_7, room_8, room_9, room_10, room_11, room_12, room_13, room_14,
          room_15, room_16, room_17, room_18, room_19, room_20, room_21,
          room_22, room_23, room_24, room_25, room_26, room_27]

Skill      XL: |  1  2  3  4  5  6  7  8  9 10 11 12 13 |
---------------+----------------------------------------+-----
Axes           | 9 10 11 13 14 16 18 | 18.0
Fighting       | 5 8 9 10 12 14 18 21 25 | 25.6
Armour         | 4 5 7 9 10 12 14 18 21 24 | 24.5
Shields        | 3 4 7 8 10 11 14 15 | 15.0
Dodging        | |  2.1

Action                   |  1- 3 |  4- 6 |  7- 9 | 10-12 | 13-15 || total
-------------------------+-------+-------+-------+-------+-------++-------
Melee: Broad axe         |     2 |    10 |    36 |   121 |    63 ||   232
       Headbutt          |     2 |     4 |     7 |    46 |    22 ||    81
Invok: Berserk           |       |     1 |       |     3 |       ||     4
       Brothers in Arms  |       |       |       |     5 |     6 ||    11
       Trog's Hand       |       |       |       |     4 |     2 ||     6
  Use: Potion            |     1 |       |     3 |       |     2 ||     6
       Scroll            |       |       |       |     1 |       ||     1
 Stab: Distracted        |       |       |       |     1 |     1 ||     2
  Eat: Chunk             |       |       |       |     7 |     5 ||    12
Armor: Gold dragon scale |     2 |     4 |    19 |    52 |    35 ||   112
Dodge: Dodged            |       |       |     4 |    12 |     6 ||    22
Block: Shield            |     4 |    17 |    40 |   201 |    83 ||   345
